 Dungeon Crawl Stone Soup version 0.20-a0-601-g29d1f57 (webtiles) character file.

1404 AlphabetPasta the Chopper (level 8, -2/68 HPs)
             Began as a Pale Draconian Warper on Feb 7, 2017.
             Was an Elder of Zin.
             Slain by a gnoll
             ... wielding a +4 spear of chaos
              (4 damage)
             ... on level 6 of the Dungeon.
             The game lasted 00:26:17 (5131 turns).

AlphabetPasta the Chopper (Pale Draconian Warper)   Turns: 5131, Time: 00:26:19

Health: -2/68      AC:  6    Str: 14    XL:     8   Next: 42%
Magic:  13/13      EV: 13    Int: 16    God:    Zin [****..]
Gold:   298        SH:  0    Dex: 12    Spells: 7/14 levels left

rFire    . . .     SeeInvis .   g - +1 broad axe
rCold    . . .     Gourm    .   (armour unavailable)
rNeg     . . .     Faith    .   (no shield)
rPois    .         Spirit   .   (helmet restricted)
rElec    .         Reflect  .   (no cloak)
rCorr    .         Harm     .   (no gloves)
MR       .....                  (no boots)
Stlth    +.........             (no amulet)
Regen    0.3/turn               n - +2 ring of dexterity
                                (no ring)

@: lethally poisoned (-2 -> -17), short of breath, very slightly contaminated,
hasted and slowed, drained
A: breathe steam, unfitting armour, cold-blooded, AC +6
a: Breathe Steam, Recite, Vitalisation, Imprison, Donate Gold, Renounce Religion


You were on level 6 of the Dungeon.
You worshipped Zin.
Zin was greatly pleased with you.
You were not hungry.

You visited 1 branch of the dungeon, and saw 6 of its levels.

You collected 331 gold pieces.
You donated 33 gold pieces to Zin.

Inventory:

Hand Weapons
 a - a +0 hand axe
 g - a +1 broad axe (weapon)
 r - a +0 battleaxe
Missiles
 d - 5 tomahawks of dispersal (quivered)
 p - 55 bolts
 s - 5 tomahawks
Jewellery
 n - a +2 ring of dexterity (right hand)
 x - a cursed ring of teleportation {unknown}
Wands
 i - a wand of flame (0/48)
 m - a wand of digging (9/24)
Scrolls
 c - a scroll of blinking
 e - 3 scrolls of recharging
 h - 3 scrolls of magic mapping
 k - 2 scrolls of fog {unknown}
 q - 2 scrolls of enchant armour
 t - 2 scrolls of teleportation
Potions
 j - a potion of cancellation {unknown}
 l - 2 potions of magic
 o - 2 potions of curing
 u - 2 potions of flight
 v - a potion of lignification {unknown}
Books
 b - a book of Spatial Translocations

   Spells                             Type                      Level
   a - Blink                          Translocation                2
   b - Shroud of Golubria             Charms/Translocation         2
   c - Lesser Beckoning               Translocation                3
   d - Portal Projectile              Translocation                3
   e - Teleport Other                 Translocation                3
   f - Passage of Golubria            Translocation                4
Comestibles
 f - 5 bread rations
 w - a royal jelly


   Skills:
 + Level 5.1(4.9) Fighting
 * Level 6.2(6.0) Axes
 - Level 0.8(0.6) Throwing
 + Level 4.0(3.8) Dodging
 + Level 3.9(3.7) Spellcasting
 + Level 1.5(1.3) Charms
 * Level 3.8(3.5) Translocations
 + Level 3.4(3.2) Invocations
 + Level 1.5(1.3) Evocations


You had 7 spell levels left.
You knew the following spells:

 Your Spells              Type           Power        Failure   Level  Hunger
a - Blink                 Tloc           N/A          8%          2    ##.....
b - Shroud of Golubria    Chrm/Tloc      ##........   12%         2    ##.....
c - Teleport Other        Tloc           ##......     12%         3    ###....


Dungeon Overview and Level Annotations

Branches:
Dungeon (6/15)             Temple (0/1) D:5

Altars:
Elyvilon
Gozag
Makhleb
Nemelex Xobeh
Qazlal
Vehumet
Zin
The Shining One


Innate Abilities, Weirdness & Mutations

You can breathe blasts of scalding, opaque steam.
Your pale cyan-grey scales are hard. (AC +6)
You cannot fit into any form of body armour.
You are cold-blooded and may be slowed by cold attacks.


Message History

The gnoll hits you but does no damage.
You are more poisoned.
You barely miss the gnoll.
Your tail-slap misses the gnoll.
The gnoll is moderately wounded.
You feel sick.
The gnoll is lost in a daze.
The gnoll hits you with a spear of chaos.
* * * LOW HITPOINT WARNING * * *
The gnoll draws strength from your wounds!
You slash the gnoll!
The gnoll is severely wounded.
* * * LOW HITPOINT WARNING * * *
You feel sick.
The gnoll is lost in a daze.
You barely miss the gnoll.
The gnoll is severely wounded.
* * * LOW HITPOINT WARNING * * *
You feel sick. The gnoll misses you.
The gnoll hits you from afar with a spear of chaos!
* * * LOW HITPOINT WARNING * * *
You feel yourself slow down. The gnoll freezes you.
You die...

#.# .≈..≈.⌠.... .
#.# # ≈⌠..≈≈.#.#.
#.# ≈. .≈##.#...#
#.# .(≈
#...#.#.##⌠
#.##.≈≈#
#.≈...#... #..##
#≈.#.g#...#.#
##..###...#.#.≈.##
##..######.#
##....@gg.#
##########


You could see 2 gnolls.

Vanquished Creatures
  Sigmund (D:5)
  An ice beast (D:6)
  2 centaurs
  An ogre (D:5)
  A gnoll sergeant (D:5)
  A bullfrog (D:5)
  2 scorpions
  A howler monkey (D:4)
  A crimson imp (D:5)
  2 hounds (D:5)
  A bullfrog skeleton (D:5)
  An orc wizard (D:5)
  2 iguanas
  6 worker ants
  11 gnolls
  8 adders
  An ooze (D:1)
  An adder zombie (D:5)
  4 worms
  2 dart slugs
  4 leopard geckos
  10 orcs
  6 giant cockroaches
  10 goblins
  9 hobgoblins
  7 jackals
  3 quokkas
  A ball python (D:4)
  11 bats
  4 frilled lizards
  6 kobolds
  6 rats
127 creatures vanquished.

Notes
Turn   | Place    | Note
-------+----------+-------------------------------------------
     0 | D:1      | AlphabetPasta the Draconian Warper began the quest for the Orb.
     0 | D:1      | Reached XP level 1. HP: 17/17 MP: 3/3
   199 | D:1      | Reached XP level 2. HP: 24/24 MP: 5/5
   203 | D:1      | Learned a level 2 spell: Blink
   206 | D:1      | Learned a level 2 spell: Shroud of Golubria
   801 | D:2      | Reached XP level 3. HP: 24/30 MP: 2/6
   907 | D:2      | Found a sparkling altar of Nemelex Xobeh.
   965 | D:2      | Found a faded altar of an unknown god.
   986 | D:2      | Became a worshipper of Zin the Law-Giver
   986 | D:2      | Reached * piety under Zin
  1089 | D:2      | Reached skill level 3 in Axes
  1118 | D:2      | Reached ** piety under Zin
  1237 | D:2      | Found a glowing golden altar of the Shining One.
  1557 | D:3      | Zin protects you from harm!
  1558 | D:3      | Reached XP level 4. HP: 13/37 MP: 5/7
  1976 | D:3      | Reached XP level 5. HP: 37/45 MP: 4/8
  1984 | D:3      | Learned a level 3 spell: Teleport Other
  2047 | D:3      | Reached skill level 4 in Axes
  2410 | D:4      | Reached *** piety under Zin
  2537 | D:4      | Found a stormy altar of Qazlal.
  2594 | D:4      | Reached XP level 6. HP: 27/52 MP: 4/10
  2758 | D:4      | Found a white marble altar of Elyvilon.
  2902 | D:5      | Entered Level 5 of the Dungeon
  2940 | D:5      | Reached skill level 1 in Invocations
  2979 | D:5      | Reached skill level 5 in Axes
  2994 | D:5      | Found an opulent altar of Gozag.
  2998 | D:5      | Found a radiant altar of Vehumet.
  2998 | D:5      | Noticed Sigmund
  3237 | D:5      | Killed Sigmund
  3237 | D:5      | Your scales start taking on a pale cyan-grey colour.
  3237 | D:5      | Reached XP level 7. HP: 49/60 MP: 10/12
  3314 | D:5      | Found a staircase to the Ecumenical Temple.
  3335 | D:5      | Found a burning altar of Makhleb.
  3456 | D:5      | Reached **** piety under Zin
  3941 | D:5      | Reached skill level 1 in Charms
  3941 | D:5      | Reached XP level 8. HP: 67/67 MP: 11/13
  3945 | D:5      | Reached skill level 6 in Axes
  4199 | D:5      | Reached skill level 5 in Fighting
  4284 | D:6      | Found a glowing silver altar of Zin.
  4430 | D:6      | Reached skill level 1 in Evocations
  4430 | D:6      | HP: 1/68 [gnoll sergeant/trident (12)]
  4442 | D:6      | HP: 3/68 [adder (2)]
  5131 | D:6      | HP: 2/68 [gnoll/spear of chaos (9)]
  5131 | D:6      | Slain by a gnoll

Vault maps used:
D:1:      ncdulo_lavacross
D:2:      minmay_door_path, lemuel_coloured_pillars_altar,
          chequers_ecumenical_altar_simple_redux, minmay_misc_feat_square,
          nemelex_spade_bored_becter
D:3:      roderic_whirl, kennysheep_generic_room_15
D:4:      marbit_many_paths, first_bread, elyvilon_altar_1
D:5:      vehumet_altar_wand_db, makhleb_heckhound_becter,
          minmay_temple_entry_hall, nicolae_gozag_seed_capital, uniq_sigmund
D:6:      kennysheep_mini, tgw_xom

Skill      XL: |  1  2  3  4  5  6  7  8 |
---------------+-------------------------+-----
Axes           | 3 4 5 6 |  6.2
Fighting       | 3 4 5 |  5.1
Dodging        | 3 4 |  4.0
Spellcasting   | 3 |  3.9
Invocations    | 2 3 |  3.4
Charms         | 1 |  1.5
Evocations     | 1 |  1.5
Throwing       | |  0.8
Translocations | |  3.8

Action                   |  1- 3 |  4- 6 |  7- 9 || total
-------------------------+-------+-------+-------++-------
Melee: Hand axe          |    60 |       |       ||    60
       Broad axe         |    83 |   166 |   116 ||   365
       Tailslap          |     5 |    21 |    14 ||    40
 Cast: Shroud of Golubri |    17 |    29 |    12 ||    58
       Blink             |       |     1 |     2 ||     3
Invok: Recite            |       |     2 |     3 ||     5
Evoke: Wand              |       |       |     3 ||     3
  Use: Scroll            |     6 |     6 |     4 ||    16
       Potion            |       |     4 |     5 ||     9
 Stab: Sleeping          |     1 |       |       ||     1
  Eat: Chunk             |     2 |     3 |     4 ||     9
       Royal jelly       |     1 |       |     1 ||     2
       Meat ration       |       |     1 |       ||     1
Armor: Skin              |    42 |    63 |    29 ||   134
Dodge: Dodged            |   100 |   152 |   111 ||   363
